 Dungeon Crawl Stone Soup version 0.27-a0-1105-g946c659c87 (webtiles) character file.

Game seed: 17398408039237487213

15584 avimd the Thaumaturge (level 12, -4/80 HPs)
             Began as a Djinni Fire Elementalist on Apr 29, 2021.
             Was the Champion of Zin.
             Engulfed by an ice statue's freezing vapour (18 damage)
             ... in an ice cave.
             The game lasted 00:46:08 (17739 turns).

avimd the Thaumaturge (Djinni Fire Elementalist)   Turns: 17739, Time: 00:46:09

Health: -4/80      AC:  4    Str:  7    XL:     12   Next: 28%
Gold:   609        EV: 16    Int: 25    God:    Zin [******] SH:  0 Dex: 20

rFire    + + .     SeeInvis +   a - +2 spear (venom)
rCold    . . .     Faith    .   (no shield)
rNeg     . . .     Spirit   .   b - +0 robe
rPois    ∞         Reflect  .   J - +0 hat {Int+3}
rElec    .         Harm     .   u - +1 cloak
rCorr    +         Rampage  .   (no gloves)
Will     +....                  (boots unavailable)
Stlth    +++.......             (no amulet)
HPRegen  0.23/turn              f - ring of protection from cold
MPRegen  0.00/turn              o - ring "Acu Iclowa" {rCorr Dex+6 SInv}

@: flying, very slightly contaminated
A: fire resistance 2, cold vulnerability 1, float, innate caster, hp casting,
extra vitality 1
a: Renounce Religion, Recite, Vitalisation, Imprison, Sanctuary, Donate Gold


You were in an ice cave.
You worshipped Zin.
Zin was exalted by your worship.
You visited 1 branch of the dungeon, and saw 11 of its levels.
You also visited: Ossuary, Bailey and Ice Cave.

You collected 961 gold pieces.
You spent 256 gold pieces at shops.
You donated 96 gold pieces to Zin.

Inventory:

Hand Weapons
 a - a +2 spear of venom (weapon)
 i - a +0 broad axe
 k - a +0 hunting sling
 n - a +1 dagger of venom
 p - a +2 spectral quarterstaff
 D - a +2 morningstar of distortion
Missiles
 c - 59 poisoned darts
 d - 101 sling bullets
 e - 515 stones
 w - 7 throwing nets
 x - 5 boomerangs
 M - 6 curare-tipped darts
Armour
 b - a +0 robe (worn)
 r - a +1 helmet
 u - a +1 cloak (worn)
 E - +0 acid dragon scales
 J - a +0 hat of intelligence (worn)
 L - the +10 chain mail of Plasticity {Rampage rN+}
   (You bought it in a shop on level 10 of the Dungeon)

   It protects you from negative energy.
   It bestows one free step when moving towards enemies.
Jewellery
 f - a ring of protection from cold (left hand)
 o - the ring "Acu Iclowa" (right hand) {rCorr Dex+6 SInv}
   (You found it on level 6 of the Dungeon)

   [ring of resist corrosion]

   It affects your dexterity (+6).
   It lets you see invisible.
   It protects you from acid and corrosion.
 y - an amulet of faith
Wands
 t - a wand of iceblast (18) (quivered)
 F - a wand of flame (31)
Scrolls
 s - 2 scrolls of fog
 v - a scroll of immolation
 B - 2 scrolls of teleportation
 G - a scroll of magic mapping
 K - a scroll of identify
Potions
 g - 5 potions of curing
 h - a potion of might
 j - 2 potions of brilliance
 l - 2 potions of invisibility
 m - a potion of resistance
 q - a potion of berserk rage
 A - a potion of ambrosia
 C - a potion of magic
 I - a potion of haste {unknown}
Miscellaneous
 H - a phial of floods


   Skills:
 + Level 4.9 Fighting
 + Level 5.4 Polearms
 + Level 6.2 Dodging
 + Level 5.4 Stealth
 + Level 11.4 Spellcasting
 + Level 8.1 Invocations
 + Level 3.5 Evocations


You had 3 spell levels left.
You knew the following spells:

 Your Spells              Type           Power      Damage    Failure   Level
a - Foxfire               Conj/Fire      100%       2x1d9     1%          1
b - Conjure Flame         Conj/Fire      64%        6-21      1%          3
c - Inner Flame           Hex/Fire       64%        N/A       1%          3
d - Sticky Flame          Conj/Fire      64%        2d8       1%          4
e - Fireball              Conj/Fire      32%        3d14      1%          5
f - Animate Skeleton      Necr           100%       N/A       1%          1
g - Static Discharge      Conj/Air       64%        N/A       1%          2
h - Corpse Rot            Necr/Air       N/A        N/A       1%          2
i - Hailstorm             Conj/Ice       64%        3d14      1%          4
j - Summon Mana Viper     Hex/Summ       64%        N/A       1%          5
Your spell library was empty.

Dungeon Overview and Level Annotations

Branches:
Dungeon (11/15)            Temple (0/1) D:5            Lair (0/6) D:8
Ossuary (visited)          Bailey (visited)           IceCv (1/1)
    Orc: D:9-12

Altars:
Cheibriados
Elyvilon
Hepliaklqana
Qazlal
Trog
Zin

Shops:
D:10 [

Annotations:
IceCv exclusion: ice statue


Innate Abilities, Weirdness & Mutations

You are immune to poison.
Your flesh is very heat resistant. (rF++)
You are vulnerable to cold. (rC-)
You float through the air rather than walking.
You learn spells naturally, not from books.
Your magical power is your life essence.
You have superior vitality. (+4 HP)


Message History

Confirm with . or Enter, or press ? or * to list all spells.
Aiming: Fireball (dangerous; 1% risk of failure)
Press: ? - help, Shift-Dir - straight line, f - ice beast
Aim: an ice beast (summoned)
You miscast Fireball.
You are very lightly contaminated with residual magic.
Nothing appears to happen.
Casting: Fireball (dangerous; 1% risk of failure)
Confirm with . or Enter, or press ? or * to list all spells.
Aiming: Fireball (dangerous; 1% risk of failure)
Press: ? - help, Shift-Dir - straight line, f/p - ice beast
Aim: an ice beast (summoned)
The fireball explodes!
The fireball engulfs the ice beast!!!
The ice beast melts!
You kill the ice beast!
The ice statue gestures at you. The freezing blast misses you.
Casting: Fireball (dangerous; 1% risk of failure)
Confirm with . or Enter, or press ? or * to list all spells.
Aiming: Fireball (dangerous; 1% risk of failure)
Press: ? - help, Shift-Dir - straight line, f - ice statue
Aim: an ice statue (lightly damaged)
The fireball explodes!
The fireball engulfs the ice statue!!
The ice statue melts!
The ice statue is heavily damaged.
You are engulfed in freezing vapours.
* * * LOW HITPOINT WARNING * * *
The ice statue gestures at you. The shard of ice misses you.
Casting: Fireball (dangerous; 1% risk of failure)
Confirm with . or Enter, or press ? or * to list all spells.
Aiming: Fireball (dangerous; 1% risk of failure)
Press: ? - help, Shift-Dir - straight line, f/p - ice statue
Aim: an ice statue (heavily damaged)
The fireball explodes!
The fireball engulfs the ice statue!
The ice statue melts!
The ice statue is severely damaged.
* * * LOW HITPOINT WARNING * * *
You are engulfed in freezing vapours.
You die...

## #### ###.. ###..##
.....# ###..#...
#..8.☼# #..#####.
#..☼☼##########..##.##
#○☼○##§..##...#..#..
###@☼○##...########.
########## ##


You could see an ice statue.

Vanquished Creatures
  Gastronok (D:9)
  Erolcha (D:10)
  2 two-headed ogres
  Sonja (D:10)
  Maggie (D:8)
  A troll (D:10)
  8 polar bears (IceCv)
  17 yaks
  A water moccasin (D:7)
  9 ice beasts
  6 orc warriors
  A sky beast (D:8)
  A hornet zombie (D:8)
  3 necrophages
  10 wolves (IceCv)
  A phantom (D:6)
  3 ogres
  5 centaurs
  A kobold brigand (D:7)
  2 bullfrogs
  8 gnoll sergeants (Bailey)
  A scorpion (D:5)
  A water moccasin zombie (D:5)
  11 killer bees
  4 howler monkeys
  A crimson imp (D:4)
  A jelly (D:7)
  A human zombie (Ossuary)
  5 centaur zombies
  6 hounds
  3 orc priests (D:9)
  A centaur skeleton (D:7)
  6 gnoll shamans (Bailey)
  2 iguanas
  12 orc wizards
  A killer bee zombie (D:7)
  2 mummies (Ossuary)
  2 howler monkey zombies
  Robin (D:4)
  20 gnolls
  8 adders
  A shadow imp (D:7)
  3 white imps
  3 worms
  3 dart slugs
  29 orcs
  7 endoplasms
  A giant cockroach (D:1)
  2 gnoll zombies (Ossuary)
  23 goblins
  15 hobgoblins
  6 jackals (D:4)
  4 quokkas
  9 ball pythons
  9 bats
  5 frilled lizards
  4 goblin zombies (Ossuary)
  3 hobgoblin zombies (Ossuary)
  8 kobolds
  4 orc zombies (Ossuary)
  5 rats
316 creatures vanquished.

Vanquished Creatures (others)
  430 foxfires
430 creatures vanquished.

Grand Total: 746 creatures vanquished

Notes
Turn   | Place    | Note
-------+----------+-------------------------------------------
     0 | D:1      | avimd the Djinni Fire Elementalist began the quest for the
                  | Orb.
     0 | D:1      | Reached XP level 1. HP: 15/15 MP: 0/0
   296 | D:1      | Reached skill level 3 in Spellcasting
   341 | D:1      | Reached XP level 2. HP: 21/21 MP: 0/0
   371 | D:1      | Found a faded altar of an unknown god.
   377 | D:1      | Became a worshipper of Zin the Law-Giver
   377 | D:1      | Reached * piety under Zin
  1046 | D:2      | Reached XP level 3. HP: 24/25 MP: 0/0
  1046 | D:2      | Learned a level 1 spell: Animate Skeleton
  1433 | D:2      | Reached XP level 4. HP: 18/31 MP: 0/0
  1909 | D:2      | Reached ** piety under Zin
  1974 | D:2      | Reached skill level 4 in Spellcasting
  2031 | D:2      | Found a hazy altar of Hepliaklqana.
  2238 | D:2      | Reached XP level 5. HP: 29/35 MP: 0/0
  2238 | D:2      | Learned a level 2 spell: Static Discharge
  2425 | D:3      | You are sucked into a shaft and drop 1 floor!
  2608 | D:4      | Noticed a necrophage
  2627 | D:4      | Killed a necrophage
  2628 | D:4      | Reached XP level 6. HP: 22/41 MP: 0/0
  3423 | D:3      | Reached skill level 5 in Spellcasting
  4359 | D:4      | Reached skill level 1 in Fighting
  4359 | D:4      | Reached skill level 1 in Polearms
  4359 | D:4      | Reached XP level 7. HP: 40/47 MP: 0/0
  4359 | D:4      | Learned a level 2 spell: Corpse Rot
  4735 | D:4      | Noticed Robin
  4747 | D:4      | Killed Robin
  4748 | D:4      | Reached skill level 1 in Invocations
  5042 | D:5      | Entered Level 5 of the Dungeon
  5352 | D:5      | Reached XP level 8. HP: 28/54 MP: 0/0
  5665 | D:5      | Found a staircase to the Ecumenical Temple.
  6160 | D:6      | Reached skill level 6 in Spellcasting
  6440 | D:6      | Found a sand-covered staircase.
  6444 | Ossuary  | Entered an ossuary
  6899 | Ossuary  | Reached *** piety under Zin
  6913 | Ossuary  | Reached **** piety under Zin
  6929 | Ossuary  | Reached ***** piety under Zin
  7004 | D:6      | Identified the ring "Acu Iclowa" {rCorr Dex+6 SInv}
  7134 | D:6      | Found a snail-covered altar of Cheibriados.
  7548 | D:7      | Reached XP level 9. HP: 19/59 MP: 0/0
  7548 | D:7      | Learned a level 4 spell: Hailstorm
  7940 | D:7      | Reached skill level 7 in Spellcasting
  8991 | D:8      | Reached skill level 5 in Dodging
  9552 | D:8      | Found a staircase to the Lair.
  9558 | D:8      | Noticed Maggie
  9568 | D:8      | Killed Maggie
  9825 | D:8      | Reached skill level 5 in Invocations
 10268 | D:9      | Reached XP level 10. HP: 64/67 MP: 0/0
 10374 | D:9      | Found a flagged portal.
 10384 | Bailey   | Entered a bailey
 10391 | Bailey   | Reached skill level 8 in Spellcasting
 11393 | Bailey   | Reached ****** piety under Zin
 11773 | D:9      | Noticed a two-headed ogre
 11791 | D:9      | Killed a two-headed ogre
 11792 | D:9      | Reached skill level 1 in Evocations
 11969 | D:9      | Reached skill level 9 in Spellcasting
 12696 | D:9      | Noticed Gastronok
 12707 | D:9      | Killed Gastronok
 12708 | D:9      | Reached XP level 11. HP: 21/71 MP: 0/0
 12708 | D:9      | Learned a level 5 spell: Summon Mana Viper
 13362 | D:9      | Found a stormy altar of Qazlal.
 13362 | D:9      | Found a bloodstained altar of Trog.
 13363 | D:9      | Found a white marble altar of Elyvilon.
 13496 | D:10     | Entered Level 10 of the Dungeon
 13500 | D:10     | Found Deture's Antique Armour Shop.
 13500 | D:10     | Noticed Erolcha
 13508 | D:10     | Killed Erolcha
 13509 | D:10     | Reached skill level 10 in Spellcasting
 13513 | D:10     | Bought a slimy chain mail for 256 gold pieces
 13513 | D:10     | Identified the +10 chain mail of Plasticity {Rampage rN+}
                  | (You bought it in a shop on level 10 of the Dungeon)
 13719 | D:10     | Noticed Sonja
 13728 | D:10     | Killed Sonja
 13953 | D:10     | Reached skill level 5 in Polearms
 13955 | D:10     | Reached skill level 5 in Stealth
 14199 | D:10     | Noticed a two-headed ogre
 14205 | D:10     | Killed a two-headed ogre
 14798 | D:11     | Found a frozen archway.
 15055 | IceCv    | Entered an ice cave
 15666 | IceCv    | Reached skill level 11 in Spellcasting
 15666 | IceCv    | Reached XP level 12. HP: 30/79 MP: 0/0
 15680 | IceCv    | Zin protects you from harm!
 15684 | IceCv    | HP: 1/79 [yak (8)]
 17379 | IceCv    | HP: 2/80 [ice beast[an ice statue] (8)]
 17739 | IceCv    | Engulfed by an ice statue's freezing vapour

Illustrated notes

Levels and vault maps discovered:
D:1:      minmay_arrival_pointy, layout_basic,
          chequers_ecumenical_altar_simple_redux
D:2:      minmay_thinvault, layout_basic, basic_altar
D:3:      layout_loops_ring, grunt_ministairs_2
D:4:      kennysheep_goblin_castle, layout_basic, minmay_fire_ice_demons
D:5:      layout_rooms, minmay_temple_entry_butterflies
D:6:      layout_cave_pools, general_overflow_altar,
          nicolae_ossuary_entry_false_entrances
D:7:      layout_rooms
D:8:      layout_gridville, lair_entry_dummy, uniq_maggie
D:9:      layout_basic, gammafunk_temple_overflow_claw, enter_bailey_5,
          uniq_gastronok
D:10:     layout_long_grid, serial_shops, shop, uniq_sonja, uniq_erolcha
D:11:     layout_roguey, david_orc_2, portal_ice_cave_entry_ice_beasts,
          serial_aquarium, aquarium_bridge_island_small
          [aquarium_subvault_small_open, aquarium_subvault_bridge,
          aquarium_subvault_bridge, aquarium_subvault_wall,
          aquarium_subvault_bridge], aquarium_bridge_long_joined
          [aquarium_subvault_bridge, aquarium_subvault_bridge,
          aquarium_subvault_wall, aquarium_subvault_window,
          aquarium_subvault_wall, aquarium_subvault_bridge], aquarium_window_3,
          aquarium_window_1, aquarium_window_2, aquarium_view_2f,
          aquarium_view_2e, aquarium_balcony_3b, aquarium_pool_corner
IceCv:    ice_cave_caverns_01

Skill      XL: |  1  2  3  4  5  6  7  8  9 10 11 12 |
---------------+-------------------------------------+-----
Spellcasting   | 3 4 5 6 7 9 11 | 11.4
Stealth        | 2 3 4 5 |  5.4
Dodging        | 3 4 5 6 |  6.2
Fighting       | 1 2 3 4 |  4.9
Polearms       | 1 2 3 4 5 |  5.4
Invocations    | 1 2 5 7 8 |  8.1
Evocations     | 2 3 |  3.5

Action                   |  1- 3 |  4- 6 |  7- 9 | 10-12 || total
-------------------------+-------+-------+-------+-------++-------
Melee: Dagger            |     4 |     1 |       |       ||     5
       Spear             |       |    68 |    92 |    36 ||   196
 Cast: Foxfire           |    43 |    65 |   130 |    18 ||   256
       Static Discharge  |       |     3 |       |       ||     3
       Sticky Flame      |       |     2 |     9 |    20 ||    31
       Fireball          |       |       |    39 |   155 ||   194
       Conjure Flame     |       |       |       |     4 ||     4
Invok: Recite            |       |     3 |    16 |     7 ||    26
Evoke: Wand              |       |       |     1 |    11 ||    12
  Use: Scroll            |       |     7 |    13 |     1 ||    21
       Potion            |       |       |       |     3 ||     3
 Stab: Sleeping          |       |     6 |       |       ||     6
       Distracted        |       |       |       |     1 ||     1
Armor: Robe              |     2 |     7 |    26 |    21 ||    56
Dodge: Dodged            |    19 |    47 |    86 |    73 ||   225

Table legend: (Time is in decaauts)
 A = Elapsed time spent in this place.
 B = Non-inter-level travel time spent in this place.
 C = Inter-level travel time spent in this place.
 D = Time resting spent in this place.
 E = Time spent auto-exploring this place.
 F = Levels seen in this place.
 G = Mean time per level.
                   A        B        C        D        E       F      G
               +--------+--------+--------+--------+--------+-----+--------+
         Total |  17731 |  17397 |    334 |   4224 |  11108 |  14 | 1266.5 |
       Dungeon |  13270 |  12936 |    334 |   1559 |  10013 |  11 | 1206.4 |
       Ossuary |    496 |    496 |      0 |    204 |    212 |   1 |  496.0 |
        Bailey |   1281 |   1281 |      0 |    869 |    220 |   1 | 1281.0 |
      Ice Cave |   2682 |   2682 |      0 |   1592 |    663 |   1 | 2682.0 |
               +--------+--------+--------+--------+--------+-----+--------+

Top non-repeatable levels by time:
   IceCv: 2682 daAuts
     D:9: 1972 daAuts
     D:8: 1683 daAuts
     D:4: 1671 daAuts
     D:2: 1576 daAuts
  Bailey: 1281 daAuts
    D:10: 1199 daAuts
     D:5: 1066 daAuts
     D:7: 1057 daAuts
     D:3: 964 daAuts
     D:6: 887 daAuts
     D:1: 835 daAuts
 Ossuary: 496 daAuts
    D:11: 357 daAuts
